 Dungeon Crawl Stone Soup version 0.29-a0-8-g0446c0dae4 (webtiles) character file.

Game seed: 1989143970621350316

66 shoop the Sneak (level 3, -2/23 HPs)
             Began as a Vampire Delver on Jan 27, 2022.
             Killed by divine providence
             ... invoked by an orc priest
              (10 damage)
             ... on level 3 of the Dungeon.
             The game lasted 00:05:05 (2459 turns).

shoop the Sneak (Vampire Delver)                    Turns: 2459, Time: 00:05:05

Health: -2/23      AC:  8    Str: 11    XL:     3   Next: 96%
Magic:  3/3        EV: 11    Int: 14    God:
Gold:   170        SH:  0    Dex: 15    Spells: 2/2 levels left

rFire   . . .      SeeInvis +   a - +0 short sword
rCold   + + .      Faith    .   (no shield)
rNeg    + + +      Spirit   .   o - +2 ring mail {rN+}
rPois   ∞          Reflect  .   (no helmet)
rElec   .          Harm     .   (no cloak)
rCorr   .          Rampage  .   h - +0 pair of gloves
Will    .....                   (no boots)
Stlth   +++++.....              (no amulet)
HPRegen 0.00/turn               (no ring)
MPRegen 0.08/turn               (no ring)

@: bloodless, inhibited regen
A: bloodless, fangs 3, see invisible, vampiric 2
a: Bat Form, Revivify


You were on level 3 of the Dungeon.
You visited 1 branch of the dungeon, and saw 5 of its levels.

You collected 170 gold pieces.

Inventory:

Hand Weapons
 a - a +0 short sword (weapon)
 b - a +0 great sword
Armour
 h - a +0 pair of gloves (worn)
 n - a +0 leather armour
 o - a +2 ring mail of positive energy (worn)
Jewellery
 q - a ring of poison resistance
Wands
 g - a wand of digging (3)
 s - a wand of flame (23)
Scrolls
 c - a scroll of fog
 d - a scroll of magic mapping
 e - 2 scrolls of fear
 i - a scroll of immolation {unknown}
 j - a scroll of vulnerability {unknown}
 l - 2 scrolls of teleportation {unknown}
 p - a scroll of blinking {unknown}
 r - a scroll of torment {unknown}
 t - a scroll of enchant weapon {unknown}
 u - a scroll of identify {unknown}
Potions
 f - a potion of haste
 k - a potion of might {unknown}
 m - 2 potions of flight {unknown}


   Skills:
 - Level 3.0 Fighting
 * Level 3.4 Short Blades
 + Level 1.0 Armour
 + Level 2.9 Dodging
 - Level 7.3 Stealth
 + Level 0.4 Evocations


You had 2 spell levels left.
You didn't know any spells.
Your spell library contained the following spells:

 Spells                   Type           Power      Damage    Failure   Level
 Shock                    Conj/Air       0%         1d3       56%         1
 Freezing Cloud           Conj/Ice/Air   0%         6-21      100%        5
 Simulacrum               Ice/Necr       0%         N/A       100%        6
 Polar Vortex             Ice            0%         N/A       100%        9


Dungeon Overview and Level Annotations

Branches:
Dungeon (5/15)
 Temple: D:4-7

Altars:
Hepliaklqana
Okawaru
Yredelemnul
The Shining One

Annotations:
D:4 exclusions: orc and white imp, Menkaure
D:5 exclusion: hound, Prince Ribbit


Innate Abilities, Weirdness & Mutations

You do not regenerate when monsters are visible.
You are frail without blood (-20% HP).
You can heal yourself when you bite living creatures.
You are immune to poison.
You have razor-sharp teeth.
You have supernaturally acute eyesight. (SInv)
You are afflicted with vampirism and can become a bat while bloodless.


Message History

You barely miss the orc.
The orc is heavily wounded.
The orc hits you with a +0 dagger.
You hit the orc.
The orc is almost dead.
The orc closely misses you.
You hit the orc.
You kill the orc!
Your Armour skill increases to level 1!
You barely miss the kobold. The kobold hits you with a +0 dagger.
You hit the kobold.
The kobold is severely wounded.
The kobold hits you but does no damage.
You closely miss the kobold.
The kobold is severely wounded.
The kobold hits you but does no damage.
You closely miss the kobold.
The kobold is severely wounded.
The kobold barely misses you.
You completely miss the kobold.
The kobold is severely wounded.
The kobold closely misses you.
You barely miss the kobold.
The kobold is severely wounded.
The kobold hits you but does no damage.
You hit the kobold.
You kill the kobold!
An orc priest comes into view. It is wielding a +0 dagger.
An orc priest comes into view. It is wielding a +0 flail.
The orc priest invokes the aid of Beogh against you.
Beogh smites you!
Ouch! That really hurt!
You hear an angry hiss.
Things that are here:
a +0 dagger; a +0 dagger The orc priest looks encouraged for a moment.
There is a stone staircase leading up here.
The orc priest invokes the aid of Beogh against you.
Beogh smites you!
You die...

############...#.##.#.###
.....oo....o............+
#######.####...#..#.#.###
#.####o..#..#.#.#
#........#..#.#.#
#..####..#.##.#.# #..#
#.......#.# #
#..#####.#.####.# #.
#.........@...#..
#.####.#########.#.#
##................#.#
........###....####+#
...............#
.........#.....#
........K#.....#
.####+#.##.....#
.#.............#


You could see an orc priest and an orc.

Vanquished Creatures
  An adder (D:2)
  2 worms (D:2)
  3 dart slugs
  An orc (D:3)
  6 endoplasms
  A giant cockroach (D:1)
  4 goblins
  6 hobgoblins
  2 kobolds
  A quokka (D:4)
  4 ball pythons
  4 bats
  3 frilled lizards (D:1)
  3 rats
41 creatures vanquished.

Notes
Turn   | Place    | Note
-------+----------+-------------------------------------------
     0 | D:5      | shoop the Vampire Delver began the quest for the Orb.
     0 | D:5      | Reached XP level 1. HP: 17/17 MP: 1/1
    55 | D:5      | Noticed a hound
    63 | D:5      | Noticed Prince Ribbit
   120 | D:4      | Noticed a black bear
   142 | D:4      | Found an iron altar of Okawaru.
   144 | D:4      | Found a basalt altar of Yredelemnul.
   353 | D:4      | Noticed a jelly
   358 | D:4      | Noticed Menkaure
   682 | D:3      | Noticed a kobold brigand
   733 | D:2      | Found a hazy altar of Hepliaklqana.
   811 | D:1      | Reached XP level 2. HP: 17/18 MP: 2/2
   915 | D:1      | Found a faded altar of an unknown god.
   925 | D:1      | Got Plato's Guide on Confrontation
  1477 | D:1      | Gained mutation: You are afflicted with vampirism and can
                  | become a bat while bloodless. [Vampire growth]
  1477 | D:1      | Reached XP level 3. HP: 23/23 MP: 3/3
  2429 | D:3      | Reached skill level 1 in Armour
  2459 | D:3      | Killed from afar by an orc priest

Illustrated notes

Levels and vault maps discovered:
D:1:      shiori_shiawase, layout_basic, shapermc_ecumenical_altar_rom_forum,
          minmay_misc_feat_alley, minivault_26, minmay_heptomino_d4
D:2:      layout_basic, basic_altar
D:3:      layout_basic, amethyst_overflow_temple_binary,
          nicolae_ru_path_of_blood
D:4:      layout_loops_ring, chequers_temple_overflow_statue_of_worship,
          minmay_temple_entry_purple_smoke, chequers_decorated_corner,
          uniq_menkaure
D:5:      layout_loops_ring, guppyfry_early_lair_pool, uniq_prince_ribbit1

Skill      XL: |  1  2  3 |
---------------+----------+-----
Short Blades   | 3 |  3.4
Fighting       | 3 |  3.0
Armour         | 1 |  1.0
Dodging        | |  2.9
Stealth        | |  7.3
Evocations     | |  0.4

Action                   || total
-------------------------++-------
Melee: Short sword       ||   125
       Bite              ||    12
       Punch             ||     3
 Abil: Exsanguinate      ||     1
 Stab: Sleeping          ||    17
Armor: Ring mail         ||    32
       Leather armour    ||     2
Dodge: Dodged            ||    62

Table legend: (Time is in decaauts)
 A = Elapsed time spent in this place.
 B = Non-inter-level travel time spent in this place.
 C = Inter-level travel time spent in this place.
 D = Time resting spent in this place.
 E = Time spent auto-exploring this place.
 F = Levels seen in this place.
 G = Mean time per level.
                   A        B        C        D        E       F      G
               +--------+--------+--------+--------+--------+-----+--------+
         Total |   2453 |   2410 |     43 |      2 |   1835 |   5 |  490.6 |
       Dungeon |   2453 |   2410 |     43 |      2 |   1835 |   5 |  490.6 |
               +--------+--------+--------+--------+--------+-----+--------+

Top non-repeatable levels by time:
     D:1: 1011 daAuts
     D:2: 620 daAuts
     D:3: 459 daAuts
     D:4: 267 daAuts
     D:5: 95 daAuts
